 Dungeon Crawl Stone Soup version 0.19-a0-1899-g2d93087 (webtiles) character file.

208 poirepourri the Cudgeler (level 5, -5/57 HPs)
             Began as an Ogre Berserker on Oct 19, 2016.
             Was a Believer of Trog.
             Slain by a centaur (6 damage)
             ... on level 4 of the Dungeon.
             The game lasted 00:03:51 (4139 turns).

poirepourri the Cudgeler (Ogre Berserker)           Turns: 4139, Time: 00:03:52

Health: -5/57      AC:  5    Str: 27    XL:     5   Next: 86%
Magic:  5/5        EV: 11    Int: 11    God:    Trog [**....]
Gold:   156        SH:  0    Dex: 10    Spells: 0 memorised, 4 levels left

rFire  . . .     SeeInvis .     a - +0 mace
rCold  . . .     Gourm    .     b - +0 animal skin
rNeg   . . .     Faith    .     (no shield)
rPois  .         Spirit   .     (helmet restricted)
rElec  .         Reflect  .     (no cloak)
rCorr  .         Harm     .     (gloves unavailable)
MR     .....                    (boots unavailable)
Stlth  +.........               (no amulet)
                                k - +2 ring of protection
                                f - +5 ring of strength

@: brilliant
A: unfitting armour, tough skin 1
a: Berserk, Trog's Hand, Burn Spellbooks, Renounce Religion


You were on level 4 of the Dungeon.
You worshipped Trog.
Trog was pleased with you.
You were not hungry.

You visited 1 branch of the dungeon, and saw 4 of its levels.

You collected 156 gold pieces.

Inventory:

Hand Weapons
 a - a +0 mace (weapon)
 w - a +2 flail of holy wrath
Armour
 b - a +0 animal skin (worn)
Jewellery
 f - a +5 ring of strength (left hand)
 k - a +2 ring of protection (right hand)
Wands
 r - a wand of lightning (14/15)
 x - a wand of lightning (8/15)
Scrolls
 c - a scroll of magic mapping
 h - a scroll of teleportation
 t - 2 scrolls of remove curse
Potions
 d - a potion of curing {unknown}
 e - a potion of magic {unknown}
 g - a potion of berserk rage
 j - a potion of mutation {unknown}
 l - 2 potions of heal wounds {unknown}
 m - a potion of cancellation {unknown}
 n - 2 potions of flight
 s - a potion of brilliance
 u - a potion of degeneration {unknown}
 v - a potion of cure mutation {unknown}
Comestibles
 i - 3 fruits
 o - a beef jerky
 q - a slice of pizza


   Skills:
 + Level 5.4 Fighting
 + Level 6.3 Maces & Flails
 + Level 3.9 Dodging


You had 4 spell levels left.
You didn't know any spells.

Dungeon Overview and Level Annotations

Branches:
Dungeon (4/15)
 Temple: D:4-7

Altars:
Makhleb
Ru


Innate Abilities, Weirdness & Mutations

You are too large for most types of armour.
You have tough skin. (AC +1)


Message History

You hit the centaur.
The centaur is lightly wounded.
The centaur hits you. x2
You hit the centaur but do no damage.
The centaur is lightly wounded.
The centaur hits you.
* * * LOW HITPOINT WARNING * * *
The centaur barely misses you.
You completely miss the centaur.
The centaur is lightly wounded.
The centaur barely misses you. The centaur hits you!
* * * LOW HITPOINT WARNING * * *
You hit the centaur.
The centaur is moderately wounded.
The centaur hits you.
* * * LOW HITPOINT WARNING * * *
It was a potion of brilliance.
You feel clever all of a sudden. The centaur hits you.
You die...

.# #.#####.
#.#+#+#+#.#.....#
#...(...# #....#
#.......# #....#
#.......+ #....#
#.......# #....#
#.......###....####
#.%..((((.'....+...
+.@c.....##....##..
#........##.......#
#.......#.##.####..#
#.#######.##........
#. #<#######... #.
#.# #.## #. #.# #...
####


You could see a centaur.

Vanquished Creatures
  A hound (D:4)
  2 orc wizards (D:4)
  3 adders
  A worm (D:3)
  5 dart slugs
  2 leopard geckos
  7 orcs
  2 ball pythons
  8 bats
  5 giant cockroaches
  6 goblins
  4 hobgoblins
  8 jackals
  10 kobolds
  2 frilled lizards
  9 rats
75 creatures vanquished.

Notes
Turn   | Place    | Note
-------+----------+-------------------------------------------
     0 | D:1      | poirepourri the Ogre Berserker began the quest for the Orb.
     0 | D:1      | Reached XP level 1. HP: 24/24 MP: 1/1
    26 | D:1      | Reached XP level 2. HP: 9/32 MP: 2/2
   968 | D:1      | Reached XP level 3. HP: 32/40 MP: 3/3
  1370 | D:1      | Reached skill level 5 in Maces & Flails
  1387 | D:1      | Reached ** piety under Trog
  2235 | D:2      | Reached XP level 4. HP: 25/49 MP: 4/4
  2247 | D:2      | Found a sacrificial altar of Ru.
  2247 | D:2      | Found a burning altar of Makhleb.
  3495 | D:3      | Reached skill level 5 in Fighting
  3860 | D:3      | Reached XP level 5. HP: 43/57 MP: 5/5
  3909 | D:4      | Reached skill level 6 in Maces & Flails
  4125 | D:4      | Noticed a centaur
  4138 | D:4      | HP: 1/57 [centaur (6)]
  4139 | D:4      | Slain by a centaur

Vault maps used:
D:1:      dpeg_arrival_shelter
D:2:      gammafunk_temple_overflow_elements

Skill      XL: |  1  2  3  4  5 |
---------------+----------------+-----
Dodging        | 3 |  3.9
Maces & Flails | 5 6 |  6.3
Fighting       | 5 |  5.4

Action                   |  1- 3 |  4- 6 || total
-------------------------+-------+-------++-------
Melee: Mace              |   120 |   127 ||   247
Invok: Trog's Hand       |       |     1 ||     1
  Use: Scroll            |     1 |     5 ||     6
       Potion            |       |     2 ||     2
  Eat: Bread ration      |     1 |     1 ||     2
       Meat ration       |       |     1 ||     1
Armor: Animal skin       |    82 |    63 ||   145
Dodge: Dodged            |   101 |   100 ||   201
